AoeStats
← ccereal

African Clearing

510510835Analyzed
3v3 RM · 17h ago on Oct 1, 2026· 54m 19s· 6 players
Game mode
Random Map
Map size
Normal (6 player)
Population
200
Speed
Normal
Resources
Standard
Victory
Conquest
Starting age
Dark Age
Ending age
Imperial Age
RankedLock teamsTeams togetherTeam positionsShared explorationLock speedFull tech treeHidden civsTurbo modeCheats
Victory
Defeat
🇫🇷 Maya · France
1579
+6
🇫🇷 Persians · France
1513
+8
🇫🇷 Berbers · France
1468
+9
🇨🇳 Spanish · China
1374
-9
🇦🇺 Japanese · Australia
1354
-8
🇳🇴 Gurjaras · Norway
1242
-6
无助小羊
4:09 Loom
13:40 Feudal Age
19:29 Castle Age
26:17 Town Watch
34:47 Husbandry
36:46 Bloodlines
38:07 Gold Mining
38:22 Padded Archer Armor
39:56 Wheelbarrow
44:35 Imperial Age
42:50 Double-Bit Axe
44:16 Scale Barding Armor
44:42 Cavalier
45:45 Chain Barding Armor
48:04 Forging
Gin
6:25 Loom
13:23 Feudal Age
18:43 Castle Age
17:06 Forging
18:40 Double-Bit Axe
18:36 Horse Collar
19:11 Bloodlines
19:10 Scale Barding Armor
26:30 Husbandry
27:29 Chain Barding Armor
28:37 Iron Casting
34:08 Wheelbarrow
36:33 Imperial Age
36:53 Elite Shrivamsha Rider
38:19 Plate Barding Armor
38:36 Fletching
39:40 Ballistics
40:21 Chemistry
39:37 Bodkin Arrow
41:08 Hand Cart
41:44 Elite Elephant Archer
42:40 Bracer
42:41 Padded Archer Armor
43:17 Thumb Ring
44:40 Leather Archer Armor
45:23 Conscription
45:57 Gold Mining
49:03 Kshatriyas
BeardyNath
13:06 Loom
15:28 Feudal Age
15:55 Double-Bit Axe
21:55 Castle Age
23:12 Castle Age
22:00 Scale Mail Armor
27:49 Chain Mail Armor
30:10 Squires
34:57 Horse Collar
35:29 Bow Saw
35:17 Town Watch
37:34 Fletching
38:41 Elite Skirmisher
39:24 Padded Archer Armor
40:40 Bodkin Arrow
42:29 Heavy Plow
43:14 Wheelbarrow
ccereal
9:40 Loom
11:50 Feudal Age
12:57 Double-Bit Axe
15:50 Castle Age
17:29 Bow Saw
17:30 Horse Collar
22:04 Wheelbarrow
22:59 Stone Mining
23:20 Town Watch
23:33 Fletching
25:24 Gold Mining
25:57 Bodkin Arrow
27:47 Hand Cart
28:29 Padded Archer Armor
29:41 Leather Archer Armor
32:58 Imperial Age
31:47 Stone Shaft Mining
32:09 Ballistics
32:00 Masonry
32:01 Fortified Wall
31:47 Murder Holes
33:51 Bracer
34:42 Ring Archer Armor
34:51 Thumb Ring
35:35 Conscription
36:07 Coinage
37:34 Heavy Plow
38:36 Two-Man Saw
39:06 Chemistry
39:08 Crop Rotation
40:12 Hoardings
40:56 Banking
42:49 Architecture
42:14 Elite Plumed Archer
42:59 Town Patrol
43:47 Treadmill Crane
tony le gros rou
4:15 Loom
12:58 Feudal Age
17:20 Castle Age
25:20 Fletching
32:44 Bodkin Arrow
37:27 Padded Archer Armor
41:50 Imperial Age
40:37 Wheelbarrow
41:24 Bloodlines
41:14 Husbandry
41:08 Double-Bit Axe
43:47 Bracer
44:06 Leather Archer Armor
45:14 Ballistics
45:55 Chemistry
49:45 Ring Archer Armor
51:06 Elite Camel Archer
52:08 Conscription
52:38 Masonry
52:33 Siege Engineers
54:36 Thumb Ring
Flybidi
7:59 Loom
13:10 Feudal Age
16:55 Castle Age
15:12 Double-Bit Axe
35:49 Wheelbarrow
36:49 Wheelbarrow
39:38 Imperial Age
38:01 Hand Cart
37:52 Scale Mail Armor
38:03 Forging
37:32 Pikeman
38:12 Squires
40:25 Chain Mail Armor
40:44 Halberdier
42:14 Plate Mail Armor
42:19 Iron Casting
42:38 Squires
42:24 Gambesons
42:26 Arson
42:50 Scale Barding Armor
43:46 Cavalier
44:37 Bloodlines
44:28 Husbandry
45:30 Blast Furnace
44:42 Gold Mining
44:33 Horse Collar
44:46 Stone Mining
45:38 Chain Barding Armor
52:19 Plate Barding Armor
53:50 Fletching
53:36 Heavy Camel Rider
Connection lost

Rejoining the realm…

Still unreachable

The connection could not be restored.

Session expired

The server has moved on; the page needs a fresh start.